 Dungeon Crawl Stone Soup version 0.13-a0-2700-g8dc4729 (console) character file.

243 Kellhus the Cudgeler (level 4, 0/35 HPs)
             Began as a Demigod Skald on Aug 15, 2013.
             Succumbed to poison (a potion of poison)
             ... on Level 3 of the Dungeon.
             The game lasted 00:07:08 (3162 turns).

Kellhus the Cudgeler (Demigod Skald)                Turns: 3162, Time: 00:07:08

HP   0/35        AC  5     Str 15      XL: 4   Next: 65%
MP   5/11        EV 11     Int 17      God:
Gold 108         SH  0     Dex 17      Spells:  1 memorised,  5 levels left

Res.Fire  : . . .   See Invis. : .   a - +0 mace
Res.Cold  : . . .   Warding    : .   b - +0 leather armour
Life Prot.: . . .   Conserve   : .   (no shield)
Res.Poison: .       Res.Corr.  : .   h - +2 wizard hat
Res.Elec. : .       Clarity    : .   (no cloak)
Sust.Abil.: . .     Spirit.Shd : .   (no gloves)
Res.Mut.  : .       Stasis     : .   (no boots)
Res.Rott. : .       Flight     : .   (no amulet)
Saprovore : . . .                    (no ring)
                                     (no ring)

@: quite poisoned, slightly resistant to hostile enchantments, unstealthy
A: no striking features
a: no special abilities


You were on level 3 of the Dungeon.
You were not hungry.

You visited 1 branch of the dungeon, and saw 3 of its levels.

You collected 88 gold pieces.

Inventory:

Hand weapons
 a - a +0,+0 mace (weapon)
 t - a +2,+4 dagger of holy wrath (quivered)
Missiles
 i - 10 poisoned needles
Armour
 b - a +0 leather armour (worn)
 h - a +2 wizard hat (worn)
Magical devices
 q - a wand of slowing (0)
Comestibles
 d - 3 bread rations
 p - a rotting chunk of giant newt flesh
 s - 2 apples
 u - a pear
Scrolls
 e - a scroll of enchant weapon II {unknown}
 f - 6 scrolls of identify {unknown}
 g - a scroll of curse jewellery {unknown}
 j - a scroll of teleportation {unknown}
 k - 2 scrolls of noise {unknown}
 m - 2 scrolls of remove curse {unknown}
 n - a scroll of blinking {unknown}
 o - 2 scrolls of enchant weapon I {unknown}
 v - 2 scrolls of fog {unknown}
Potions
 r - a potion of curing {unknown}
Books
 c - a book of Battle

   Spells                             Type                      Level
   *Infusion                          Charms                       1
   Shroud of Golubria                 Charms/Translocation         2
   Song of Slaying                    Charms                       2
   Spectral Weapon                    Hexes/Charms                 3
   Regeneration                       Charms/Necromancy            3
   Song of Shielding                  Charms                       4


   Skills:
 - Level 1.7 Fighting
 + Level 4.7 Maces & Flails
 - Level 0.8 Armour
 - Level 0.8 Dodging
 - Level 1.7 Spellcasting
 - Level 2.6 Charms


You had 5 spell levels left.
You knew the following spells:

 Your Spells              Type           Power        Failure   Level  Hunger
a - Infusion              Chrm           ##....       10%         1    #......


Dungeon Overview and Level Annotations

Branches:
Dungeon (3/27)

Annotations
D:2 Terence


Message History

You completely miss the orc priest.
The orc priest is heavily wounded.
The orc priest hits you with an orcish club.
You hit the orc priest.
The orc priest is heavily wounded.
The orc priest hits you with an orcish club.
You barely miss the orc priest.
The orc priest is heavily wounded.
The orc priest closely misses you.
Drink which item? (? for menu, Esc to quit)
Okay, then.
You closely miss the orc priest.
The orc priest is heavily wounded.
The orc priest mumbles some strange prayers to Beogh against you.
Something smites you!
* * * LOW HITPOINT WARNING * * *
Drink which item? (? for menu, Esc to quit)
That liquid tasted very nasty...
You are poisoned.
It was a potion of poison.
You die...

.######..........>######
#.#
........................
#.#
.######.#####.#.#.######
#.# .# #.# #.#.#.# #.#
.# #.#####.#.#.# #.# .#
#.......#.#.# #.# .#
#.......#.#.# #.# .#
#.......#.#%###### #.#
.# #.......#.@......#
#.# . #.......###o####.#
#.# #.#####......# #.#
... .o.o.##..# #(# ##.#
####..#.># #.# .<. .
...# #.# #. ....#.## #.#
#...... #.# #.#.....#
#.#


You could see an orc priest.

Vanquished Creatures
  Ijyb (D:3)
  4 adders
  A giant mite (D:3)
  2 giant geckos
  An ooze (D:3)
  An orc (D:3)
  A ball python (D:1)
  8 bats
  4 giant cockroaches
  10 goblins
  11 hobgoblins
  8 kobolds
  3 quokkas
  7 giant newts
  A hobgoblin skeleton (D:3)
  8 rats
71 creatures vanquished.

Notes
Turn   | Place    | Note
--------------------------------------------------------------
     0 | D:1      | Kellhus, the Demigod Skald, began the quest for the Orb.
     0 | D:1      | Reached XP level 1. HP: 16/16 MP: 5/5
   571 | D:1      | Reached XP level 2. HP: 23/23 MP: 1/6
   912 | D:1      | Reached skill level 3 in Maces & Flails
  1445 | D:1      | Reached XP level 3. HP: 23/28 MP: 4/9
  2042 | D:2      | Noticed Terence
  2750 | D:3      | Reached skill level 4 in Maces & Flails
  2887 | D:3      | Reached XP level 4. HP: 35/35 MP: 7/11
  2990 | D:3      | Noticed Ijyb
  3010 | D:3      | Killed Ijyb
  3161 | D:3      | HP: 1/35 [orc priest/divine providence (11)]
  3162 | D:3      | Succumbed to poison (a potion of poison)

Action                   |  1- 3 |  4- 6 || total
-------------------------+-------+-------++-------
Melee: Mace              |   166 |    39 ||   205
 Cast: Infusion          |    36 |     7 ||    43
  Use: Potion            |       |     1 ||     1
